AAA EAST
LEHIGH VALLEY IRONPIGS @ ST. PAUL SAINTS
05/06/2042
 
TOP OF THE 1ST
Lehigh Valley IronPigs batting - Pitching for St. Paul Saints : LHP Sean Morgan
Pitching: LHP Sean Morgan
Batting: RHB Bo McCall 0-0: Called Strike
0-1: Ball
1-1: Swinging Strike
1-2: Fly out, F9 (Flyball, 9D, EV 104.4 MPH)
Batting: RHB Kawsen Al-Sadat 0-0: Called Strike
0-1: Foul Ball, location: 2F
0-2: Ground out 6-3 (Groundball, 6, EV 90.0 MPH)
Batting: LHB Don Ross 0-0: Ball
1-0: Reached via error on a dropped throw from 1B, E1 (Groundball, 34S, EV 90.6 MPH)
Batting: LHB Tim McCall 0-0: Called Strike
0-1: Called Strike
0-2: Strikes out swinging
Top of the 1st over - 0 runs, 0 hits, 1 error, 1 left on base; Lehigh Valley 0 - St. Paul 0
BOTTOM OF THE 1ST
St. Paul Saints batting - Pitching for Lehigh Valley IronPigs : RHP Jerry Parker
Pitching: RHP Jerry Parker
Batting: LHB Juan Moreno 0-0: DOUBLE (Flyball, 8RXD, EV 95.0 MPH)
Batting: LHB Rubén Rosete 0-0: Ball
1-0: Fly out, F9 (Line Drive, 9S, EV 91.9 MPH)
Batting: RHB Leonardo Boccasino 0-0: Ball
1-0: Swinging Strike
1-1: Fly out, F7 (Flyball, 78M, EV 93.8 MPH)
Batting: LHB Joe McMahon 0-0: Swinging Strike
0-1: Called Strike
0-2: Ball
1-2: Ground out 5-3 (Groundball, 56, EV 101.9 MPH)
Bottom of the 1st over - 0 runs, 1 hit, 0 errors, 1 left on base; Lehigh Valley 0 - St. Paul 0
TOP OF THE 2ND
Lehigh Valley IronPigs batting - Pitching for St. Paul Saints : LHP Sean Morgan
Batting: RHB José Valdéz 0-0: Fly out, F7 (Flyball, 7, EV 76.3 MPH)
Batting: LHB Pepe González 0-0: Foul Ball, location: 2LF
0-1: Ball
1-1: Ball
2-1: Foul Ball, location: 9LSF
2-2: Fly out, F9 (Flyball, 9LD, EV 106.9 MPH)
Batting: SHB Phil Wagner 0-0: Called Strike
0-1: Fly out, F8 (Flyball, 8LS, EV 85.6 MPH)
Top of the 2nd over - 0 runs, 0 hits, 0 errors, 0 left on base; Lehigh Valley 0 - St. Paul 0
BOTTOM OF THE 2ND
St. Paul Saints batting - Pitching for Lehigh Valley IronPigs : RHP Jerry Parker
Batting: RHB Jesús Carranza 0-0: Ball
1-0: DOUBLE (Flyball, 8LXD, EV 89.4 MPH)
Batting: LHB José Toledo 0-0: Called Strike
0-1: Ball
1-1: Ball
2-1: Ball
3-1: Called Strike
3-2: Base on Balls
Batting: RHB António Ortíz 0-0: Called Strike
0-1: Foul Ball, location: 2F
0-2: Ball
1-2: Foul Ball, location: 5F
1-2: Strikes out looking
Batting: LHB Jeremy Castle 0-0: Ball
1-0: Foul Ball, location: 7LSF
1-1: Ball
2-1: Called Strike
2-2: Fielders Choice at 2nd, 3-6 (Groundball, 34, EV 90.0 MPH)
Jesús Carranza to third
Batting: RHB Mario Reyes 0-0: Ball
1-0: Called Strike
1-1: Called Strike
1-2: Fly out, F9 (Flyball, 9D, EV 71.9 MPH)
Bottom of the 2nd over - 0 runs, 1 hit, 0 errors, 2 left on base; Lehigh Valley 0 - St. Paul 0
TOP OF THE 3RD
Lehigh Valley IronPigs batting - Pitching for St. Paul Saints : LHP Sean Morgan
Batting: RHB Rusty Miller 0-0: Called Strike
0-1: Ball
1-1: Foul Ball, location: 3FF
1-2: Strikes out swinging
Batting: LHB Tim Thomas 0-0: Ball
1-0: Foul Ball, location: 2F
1-1: Ball
2-1: Swinging Strike
2-2: Strikes out looking
Batting: RHB Bo McCall 0-0: Ball
1-0: Foul Ball, location: 2F
1-1: Swinging Strike
1-2: Strikes out swinging
Top of the 3rd over - 0 runs, 0 hits, 0 errors, 0 left on base; Lehigh Valley 0 - St. Paul 0
BOTTOM OF THE 3RD
St. Paul Saints batting - Pitching for Lehigh Valley IronPigs : RHP Jerry Parker
Batting: LHB Juan Moreno 0-0: Ball
1-0: Called Strike
1-1: Ball
2-1: TRIPLE (Groundball, 3L, EV 102.5 MPH)
Batting: LHB Rubén Rosete 0-0: Ball
1-0: Swinging Strike
1-1: Swinging Strike
1-2: Ground out 4-3 (Groundball, 4, EV 108.8 MPH)
Batting: RHB Leonardo Boccasino 0-0: Ball
1-0: Ball
2-0: Ground out 6-3 (Groundball, 6S, EV 71.3 MPH)
Batting: LHB Joe McMahon 0-0: Ball
1-0: Ball
2-0: Ball
3-0: Base on Balls
Batting: RHB Jesús Carranza 0-0: Ball
1-0: Foul Ball, location: 3FF
1-1: Fielders Choice at 2nd, 5-4 (Groundball, 5L, EV 85.0 MPH)
Bottom of the 3rd over - 0 runs, 1 hit, 0 errors, 2 left on base; Lehigh Valley 0 - St. Paul 0
TOP OF THE 4TH
Lehigh Valley IronPigs batting - Pitching for St. Paul Saints : LHP Sean Morgan
Batting: RHB Kawsen Al-Sadat 0-0: Called Strike
0-1: Swinging Strike
0-2: Strikes out looking
Batting: LHB Don Ross 0-0: Ball
1-0: Foul Ball, location: 3DF
1-1: Ball
2-1: Foul Ball, location: 3FF
2-2: Ground out 6-3 (Groundball, 6, EV 80.6 MPH)
Batting: LHB Tim McCall 0-0: Ball
1-0: Ball
2-0: Called Strike
2-1: Foul Ball, location: 2RF
2-2: Ball
3-2: Strikes out swinging
Top of the 4th over - 0 runs, 0 hits, 0 errors, 0 left on base; Lehigh Valley 0 - St. Paul 0
BOTTOM OF THE 4TH
St. Paul Saints batting - Pitching for Lehigh Valley IronPigs : RHP Jerry Parker
Batting: LHB José Toledo 0-0: Ball
1-0: Ball
2-0: Ball
3-0: Called Strike
3-1: SINGLE (Line Drive, 5D, EV 94.4 MPH)
Batting: RHB António Ortíz 0-0: Ball
1-0: Ball
2-0: Ball
3-0: Base on Balls
José Toledo to second
Batting: LHB Jeremy Castle 0-0: Ball
Wild Pitch!
José Toledo to third
António Ortíz to second
1-0: Ball
2-0: Foul Ball, location: 7LSF
2-1: SINGLE (Groundball, 6M, EV 106.9 MPH) (infield hit)
José Toledo scores
António Ortíz to third
Batting: RHB Mario Reyes 0-0: Ball
1-0: Called Strike
1-1: Swinging Strike
1-2: Foul Ball, location: 2RF
1-2: Ball
2-2: Strikes out swinging
Batting: LHB Juan Moreno 0-0: Foul Ball, location: 2F
0-1: Ball
1-1: Grounds into double play, 4-6-3 (Groundball, 34S, EV 86.9 MPH)
Bottom of the 4th over - 1 run, 2 hits, 0 errors, 1 left on base; Lehigh Valley 0 - St. Paul 1
TOP OF THE 5TH
Lehigh Valley IronPigs batting - Pitching for St. Paul Saints : LHP Sean Morgan
Batting: RHB José Valdéz 0-0: Ball
1-0: Ball
2-0: Ball
3-0: Base on Balls
Batting: LHB Pepe González 0-0: Ball
1-0: Ball
2-0: Bunted foul
2-1: Sac Bunt to 13S - play at first, batter OUT! 1-3
José Valdéz to second
Batting: SHB Phil Wagner 0-0: Called Strike
0-1: Ball
1-1: Foul Ball, location: 9LMF
1-2: Foul Ball, location: 5FF
1-2: Ball
2-2: Fly out, F4 (Popup, 4S, EV 80.0 MPH)
Batting: RHB Rusty Miller 0-0: Ball
1-0: Ground out 6-3 (Groundball, 6, EV 87.5 MPH)
Top of the 5th over - 0 runs, 0 hits, 0 errors, 1 left on base; Lehigh Valley 0 - St. Paul 1
BOTTOM OF THE 5TH
St. Paul Saints batting - Pitching for Lehigh Valley IronPigs : RHP Jerry Parker
Batting: LHB Rubén Rosete 0-0: Called Strike
0-1: Ball
1-1: Swinging Strike
1-2: Ground out 4-3 (Groundball, 34, EV 80.0 MPH)
Batting: RHB Leonardo Boccasino 0-0: Ball
1-0: Foul Ball, location: 23F
1-1: Ball
2-1: Called Strike
2-2: Strikes out swinging
Batting: LHB Joe McMahon 0-0: Ball
1-0: Swinging Strike
1-1: Hit by Pitch
Batting: RHB Jesús Carranza 0-0: Ball
1-0: Ball
2-0: Called Strike
Joe McMahon steals 2nd base
2-1: Ball
3-1: Base on Balls
Batting: LHB José Toledo 0-0: Ball
1-0: Ground out 3-1 (Groundball, 34S, EV 78.8 MPH)
Bottom of the 5th over - 0 runs, 0 hits, 0 errors, 2 left on base; Lehigh Valley 0 - St. Paul 1
TOP OF THE 6TH
Lehigh Valley IronPigs batting - Pitching for St. Paul Saints : LHP Sean Morgan
Batting: LHB Tim Thomas 0-0: Called Strike
0-1: Called Strike
0-2: Strikes out looking
Batting: RHB Bo McCall 0-0: Called Strike
0-1: Ball
1-1: Called Strike
1-2: Strikes out swinging
Batting: RHB Kawsen Al-Sadat 0-0: Ball
1-0: Ball
2-0: Foul Ball, location: 2F
2-1: Ball
3-1: Foul Ball, location: 9LSF
3-2: Foul Ball, location: 7LDF
3-2: Foul Ball, location: 5SF
3-2: Foul Ball, location: 2F
3-2: Foul Ball, location: 3SF
3-2: Ground out 4-3 (Groundball, 4, EV 101.9 MPH)
Top of the 6th over - 0 runs, 0 hits, 0 errors, 0 left on base; Lehigh Valley 0 - St. Paul 1
BOTTOM OF THE 6TH
St. Paul Saints batting - Pitching for Lehigh Valley IronPigs : RHP Jerry Parker
Batting: RHB António Ortíz 0-0: Foul Ball, location: 2F
0-1: Ball
1-1: SINGLE (Groundball, 13, EV 69.4 MPH) (infield hit)
Batting: LHB Jeremy Castle 0-0: Bunted foul
0-1: Ball
1-1: Sac Bunt to 13 - play at first, batter OUT! 1-3
António Ortíz to second
Batting: RHB Mario Reyes 0-0: Ball
1-0: Foul Ball, location: 2F
1-1: SINGLE (Groundball, 34D, EV 103.8 MPH)
António Ortíz to third
Runner from 3rd tries for Home, SAFE, throw by RF to home
Batting: LHB Juan Moreno 0-0: Called Strike
0-1: Ball
1-1: Swinging Strike
1-2: Foul Ball, location: 7LDF
1-2: Foul Ball, location: 23FF
1-2: Ball
2-2: Foul Ball, location: 2F
2-2: SINGLE (Line Drive, 5D, EV 71.9 MPH)
Mario Reyes to second
Pitching: RHP Pancho Baca
Batting: LHB Rubén Rosete 0-0: Swinging Strike
0-1: Ball
1-1: Foul Ball, location: 7LDF
1-2: Ball
2-2: Fly out, F9 (Flyball, 9LMF, EV 95.0 MPH)
Batting: RHB Leonardo Boccasino 0-0: 3-RUN HOME RUN (Flyball, 7D, EV 98.1 MPH), Distance : 373 ft
Batting: LHB Joe McMahon 0-0: Ball
1-0: Called Strike
1-1: Foul Ball, location: 2F
1-2: Ball
2-2: Ball
3-2: Foul Ball, location: 2F
3-2: Ground out 6-3 (Groundball, 6, EV 87.5 MPH)
Bottom of the 6th over - 4 runs, 4 hits, 0 errors, 0 left on base; Lehigh Valley 0 - St. Paul 5
TOP OF THE 7TH
Lehigh Valley IronPigs batting - Pitching for St. Paul Saints : LHP Sean Morgan
Batting: LHB Don Ross 0-0: Ground out 6-3 (Groundball, 4MS, EV 75.6 MPH)
Batting: LHB Tim McCall 0-0: Foul Ball, location: 2F
0-1: SINGLE (Line Drive, 89S, EV 104.4 MPH)
Batting: RHB José Valdéz 0-0: Foul Ball, location: 3FF
0-1: Called Strike
0-2: Ball
1-2: Ground out 6-3 (Groundball, 6S, EV 65.6 MPH)
Tim McCall to second
Pitching: RHP Ted Whitehead
Batting: LHB Pepe González 0-0: Foul Ball, location: 3SF
0-1: Ball
1-1: Called Strike
1-2: Ball
2-2: Ball
3-2: Foul Ball, location: 7LSF
3-2: Foul Ball, location: 5FF
3-2: Fly out, F7 (Flyball, 78M, EV 89.4 MPH)
Top of the 7th over - 0 runs, 1 hit, 0 errors, 1 left on base; Lehigh Valley 0 - St. Paul 5
BOTTOM OF THE 7TH
St. Paul Saints batting - Pitching for Lehigh Valley IronPigs : RHP Pancho Baca
Batting: RHB Jesús Carranza 0-0: Called Strike
0-1: Fly out, F9 (Flyball, 9S, EV 92.5 MPH)
Batting: LHB José Toledo 0-0: Called Strike
0-1: Foul Ball, location: 23F
0-2: Foul Ball, location: 2F
0-2: Ground out 3-1 (Groundball, 34S, EV 83.1 MPH)
Batting: RHB António Ortíz 0-0: Ball
1-0: Ball
2-0: Swinging Strike
2-1: Ground out 6-3 (Groundball, 6, EV 103.1 MPH)
Bottom of the 7th over - 0 runs, 0 hits, 0 errors, 0 left on base; Lehigh Valley 0 - St. Paul 5
TOP OF THE 8TH
Lehigh Valley IronPigs batting - Pitching for St. Paul Saints : RHP Ted Whitehead
Batting: SHB Phil Wagner 0-0: Ball
1-0: Called Strike
1-1: Fly out, F7 (Flyball, 7, EV 93.8 MPH)
Pinch Hitting: LHB José Velasco 0-0: Foul Ball, location: 7LDF
0-1: Ball
1-1: Fly out, F8 (Flyball, 89M, EV 93.8 MPH)
Batting: LHB Tim Thomas 0-0: Ball
1-0: Swinging Strike
1-1: Called Strike
1-2: DOUBLE (Line Drive, 9LM, EV 101.3 MPH)
Batting: RHB Bo McCall 0-0: Foul Ball, location: 2F
0-1: SINGLE (Flyball, 8RS, EV 93.8 MPH)
Tim Thomas to third
Batting: RHB Kawsen Al-Sadat 0-0: Called Strike
0-1: Swinging Strike
0-2: Foul Ball, location: 2F
0-2: Strikes out swinging
Top of the 8th over - 0 runs, 2 hits, 0 errors, 2 left on base; Lehigh Valley 0 - St. Paul 5
BOTTOM OF THE 8TH
St. Paul Saints batting - Pitching for Lehigh Valley IronPigs : RHP Pancho Baca
Now at 3B: Jeremy Mitchell
Batting: LHB Jeremy Castle 0-0: Ball
1-0: DOUBLE (Line Drive, 7LM, EV 105.6 MPH)
Batting: RHB Mario Reyes 0-0: Ground out 6-3 (Groundball, 56, EV 83.1 MPH)
Batting: LHB Juan Moreno 0-0: Ball
1-0: Ball
2-0: Ball
3-0: Called Strike
3-1: Foul Ball, location: 7LSF
3-2: SINGLE (Line Drive, 34D, EV 97.5 MPH)
Jeremy Castle to third
Batting: LHB Rubén Rosete 0-0: Foul Ball, location: 9LMFF
0-1: Ball
1-1: Ball
2-1: Foul Ball, location: 2F
2-2: Foul Ball, location: 9LDF
2-2: Ball
3-2: Grounds into double play, 6-4-3 (Groundball, 6S, EV 81.3 MPH)
Bottom of the 8th over - 0 runs, 2 hits, 0 errors, 1 left on base; Lehigh Valley 0 - St. Paul 5
TOP OF THE 9TH
Lehigh Valley IronPigs batting - Pitching for St. Paul Saints : RHP Ted Whitehead
Batting: LHB Don Ross 0-0: Called Strike
0-1: Foul Ball, location: 7LDF
0-2: Ball
1-2: Ground out 4-3 (Groundball, 4, EV 104.4 MPH)
Batting: LHB Tim McCall 0-0: Ball
1-0: Foul Ball, location: 25F
1-1: Fly out, F7 (Line Drive, 7S, EV 96.9 MPH)
Batting: RHB José Valdéz 0-0: Foul Ball, location: 2F
0-1: Ball
1-1: Ground out 5-3 (Groundball, 56S, EV 69.4 MPH)
Top of the 9th over - 0 runs, 0 hits, 0 errors, 0 left on base; Lehigh Valley 0 - St. Paul 5
Wednesday, April 24th , 2024 - OOTP Baseball 24.10 Build 82